 Dungeon Crawl Stone Soup version 0.28.0-45-g0d030f2227 (webtiles) character file.

Game seed: 13062302109218254115

478 mortz the Conjurer (level 7, -4/48 HPs)
             Began as a Human Conjurer on Apr 21, 2022.
             Engulfed by a steam dragon's steam (11 damage)
             ... on level 5 of the Dungeon.
             The game lasted 00:18:17 (4822 turns).

mortz the Conjurer (Human Conjurer)                 Turns: 4822, Time: 00:18:17

Health: -4/48      AC:  2    Str:  7    XL:     7   Next: 33%
Magic:  8/12       EV: 12    Int: 20    God:
Gold:   259        SH:  0    Dex: 12    Spells: 10/13 levels left

rFire   . . .      SeeInvis +   k - +2 short sword (speed) {short}
rCold   . . .      Faith    .   (no shield)
rNeg    . . .      Spirit   .   a - +0 robe
rPois   .          Reflect  .   (no helmet)
rElec   .          Harm     .   (no cloak)
rCorr   .          Rampage  .   (no gloves)
Will    .....                   (no boots)
Stlth   ++........              (no amulet)
HPRegen 0.16/turn               e - ring of see invisible
MPRegen 0.13/turn               y - +4 ring of slaying

@: no status effects
A: no striking features
a: no special abilities


You were on level 5 of the Dungeon.
You visited 1 branch of the dungeon, and saw 5 of its levels.

You collected 259 gold pieces.


   Skills:
 + Level 1.0 Fighting
 + Level 2.8 Short Blades
 + Level 0.2 Maces & Flails
 + Level 2.2 Dodging
 + Level 3.0 Stealth
 + Level 3.5 Spellcasting
 + Level 5.7 Conjurations
 * Level 2.0 Hexes


You had 10 spell levels left.
You knew the following spells:

 Your Spells              Type           Power      Damage    Failure   Level
a - Magic Dart            Conj           100%       1d8       1%          1
b - Searing Ray           Conj           52%        2d6       1%          2

Your spell library contained the following spells:

 Spells                   Type           Power      Damage    Failure   Level
 Dazzling Flash           Conj/Hex       38%        N/A       9%          3
 Beastly Appendage        Tmut           6%         N/A       14%         1
 Wereblood                Tmut           3%         N/A       21%         2
 Fulminant Prism          Conj/Hex       9%         3d7       26%         4
 Spider Form              Tmut/Pois      3%         N/A       38%         3
 Iskenderun's Mystic Bla  Conj/Tloc      14%        2d5       38%         4

Inventory:

Hand Weapons
 c - a +0 club {mace}
   (You took it off a goblin on level 1 of the Dungeon)
 d - a +0 dagger {short}
   (You took it off a kobold on level 1 of the Dungeon)
 i - a +0 short sword {short}
   (You took it off a kobold on level 1 of the Dungeon)
 k - a +2 short sword of speed (weapon) {short}
   (You took it off a kobold on level 1 of the Dungeon)
Missiles
 h - 13 stones {throwing}
Armour
 a - a +0 robe (worn)
 v - a +0 leather armour
   (You took it off an orc on level 3 of the Dungeon)
Jewellery
 e - a ring of see invisible (left hand)
   (You found it on level 1 of the Dungeon)
 m - a ring of protection from fire
   (You found it on level 1 of the Dungeon)
 y - a +4 ring of slaying (right hand)
   (You found it on level 4 of the Dungeon)
Wands
 B - a wand of iceblast (8)
   (You found it on level 4 of the Dungeon)
Scrolls
 g - a scroll of teleportation {unknown}
 j - a scroll of magic mapping {!r}
 l - a scroll of brand weapon {unknown}
 n - a scroll of immolation {unknown}
 o - a scroll of fear {unknown}
 q - a scroll of holy word {unknown}
 r - a scroll of blinking {!r}
 s - a scroll of silence {unknown}
 x - a scroll of noise {unknown}
 A - a scroll of enchant weapon {unknown}
Potions
 b - a potion of curing {@q1}
 p - a potion of heal wounds {@q2}
 t - a potion of brilliance
 u - a potion of lignification {!q}
 w - a potion of ambrosia {unknown}
 z - 2 potions of haste {@q3}

Dungeon Overview and Level Annotations

Branches:
Dungeon (5/15)
 Temple: D:4-7

Altars:
Ashenzari

Shops:
D:3 *

Annotations:
D:4 1 runed translucent door, exclusion: 2 downstairs, pkoi's ghost, amateur DgIE
D:5 Eustachio; Grinder; Menkaure

... #..
######.. #
#......##+##.#
##......#≈≈≈#D#
#.......+≈≈≈'.#
#...<#≈≈≈#
##...##D##
#......@#
#.####..§# #..
##### #.# ..
#.# ..


You could see a steam dragon (catching breath).


Message History

Okay, then.
As you read the scroll labelled ZUOZEU UWETUO, it crumbles to dust.
It was a scroll of blinking.
There is a stone staircase leading down here.
You climb downwards.
Found a stone staircase leading down.
There is a stone staircase leading up here.
You climb upwards.
Level annotation: 1 runed translucent door, pkoi's ghost, amateur DgIE
There is a stone staircase leading down here.
Press: ? - help, v - describe, . - travel A stone staircase leading down.
Placed new exclusion.
Reduced exclusion size to a single square.
There is a stone staircase leading down here.
You see here a +0 dagger {short}.
There is an escape hatch in the floor here.
There is a stone staircase leading down here.
You climb downwards.
Level annotation: Eustachio A sourceless malevolence fills the Dungeon...
With a horrendous wail, an alarm goes off!
A sentinel's mark forms upon you.
Grinder shouts!
Menkaure shouts!
You hear a shout! x5; You hear an angry hiss.
You hear a shout!
You hear an angry growl.
You hear a shout!
Menkaure points at you and mumbles some strange words.
Pain shoots through your body!
Menkaure calls on the powers of darkness!
Your body is wracked with pain!
You hear a shout! x3
Found a runed lead wand and a chain mail.
Found a stone staircase leading down.
There is a stone staircase leading up here. 😮 HP[-23]
You take 23 damage, and now have 25/48 hp.
MASSIVE DAMAGE!! (PAUSE) Grinder gestures at you.
You suddenly lose the ability to move!
Menkaure hits you!
* * * LOW HITPOINT WARNING * * *
You can move again.
You climb upwards.
Level annotation: 1 runed translucent door, exclusion: downstairs, pkoi's ghost, amateur DgIE
There is a stone staircase leading down here. 😨 HP[-8]
You take 8 damage, and now have 17/48 hp.
Press: ? - help, v - describe, . - travel A stone staircase leading down.
Placed new exclusion.
Reduced exclusion size to a single square.
You start resting.
The sentinel's mark upon you fades away. 😎 HP[+31]
Your hp is fully restored (48).
There is a stone staircase leading down here.
You climb downwards.
Level annotation: Eustachio; Grinder; Menkaure
There is a stone staircase leading up here.
You open the door.
There is an open door here.
You enter the shallow water.
Moving in this stuff is going to be slow.
You open the door.
A steam dragon comes into view.
The steam dragon hisses angrily.
The steam dragon breathes steam at you. The ball of steam hits you!!
The steam dragon moves out of view. 😮 HP[-20]
You take 20 damage, and now have 28/48 hp.
MASSIVE DAMAGE!! (PAUSE)
There is an open door here.
You start resting.
A steam dragon is nearby!
Casting: Searing Ray (safe; 1% risk of failure)
Confirm with . or Enter, or press ? or * to list all spells.
Aiming: Searing Ray (safe; 1% risk of failure)
Press: ? - help, Shift-Dir - straight line, f - steam dragon
Aim: a steam dragon (79% to hit)
The searing ray hits the steam dragon. (Press . to maintain the ray.)
The steam dragon breathes steam at you. The ball of steam hits you!
* * * LOW HITPOINT WARNING * * *
You hear an angry hiss. 😨 HP[-9] MP[-2]
You take 9 damage, and now have 19/48 hp.
You lost 2 mp, and now have 10/12 mp.
The searing ray hits the steam dragon.
You are engulfed in a cloud of scalding steam.
* * * LOW HITPOINT WARNING * * *
The steam dragon bites you!
* * * LOW HITPOINT WARNING * * *
The steam dragon claws you but does no damage. 😱 HP[-12] MP[-1]
You take 12 damage, and now have 7/48 hp.
MASSIVE DAMAGE!! (PAUSE)
You lost 1 mp, and now have 9/12 mp.
The searing ray misses the steam dragon.
You are engulfed in a cloud of scalding steam.
You die...

Skill      XL: |  1  2  3  4  5  6  7 |
---------------+----------------------+-----
Short Blades   | 1 2 |  2.8
Conjurations   | 5 |  5.7
Spellcasting   | 3 |  3.5
Hexes          | 1 2 |  2.0
Fighting       | 1 |  1.0
Stealth        | 3 |  3.0
Maces & Flails | |  0.2
Dodging        | |  2.2

Action                   |  1- 3 |  4- 6 |  7- 9 || total
-------------------------+-------+-------+-------++-------
Melee: Club              |     1 |       |       ||     1
       Short sword       |    23 |     1 |       ||    24
       Punch             |     1 |       |       ||     1
 Cast: Magic Dart        |    44 |    46 |     7 ||    97
       Searing Ray       |    11 |    20 |     6 ||    37
  Use: Scroll            |       |       |     7 ||     7
 Stab: Distracted        |     1 |       |       ||     1
Armor: Robe              |     4 |       |     1 ||     5
Dodge: Dodged            |    11 |     8 |     5 ||    24

Levels and vault maps discovered:
D:1:      psy_arrival_statuary, layout_basic, nicolae_ecumenical_lake_church,
          kennysheep_crisscross
D:2:      layout_rooms, uniq_terence
D:3:      layout_rooms, serial_shops, shop
D:4:      layout_rooms, cheibrodos_ashenzari_chains, serial_corexii_hall,
          chequers_hall_statues_wall_a, corexii_hall_statues_s,
          hellmonk_ghost_happy_afterlife, patterned_corridor
D:5:      layout_cave_pods, vehumet_altar_wand_db, serial_park,
          serial_park_avenue1, serial_park_tiny_pond, serial_park_tiny_pond,
          serial_park_avenue1, corexii_checkpoint_a, minmay_liquid_box,
          uniq_grinder, uniq_menkaure, uniq_eustachio

Notes
Turn   | Place    | Note
-------+----------+-------------------------------------------
     0 | D:1      | mortz the Human Conjurer began the quest for the Orb.
     0 | D:1      | Reached XP level 1. HP: 13/13 MP: 3/3
     0 | D:1      | magus.rc [v1.9.6]
   118 | D:1      | Reached XP level 2. HP: 19/19 MP: 3/5
   121 | D:1      | Learned a level 2 spell: Searing Ray
   568 | D:1      | Reached XP level 3. HP: 24/24 MP: 2/6
   723 | D:1      | You pick up a book of Changes and begin reading...
   723 | D:1      | You add the spells Beastly Appendage, Wereblood and Spider
                  | Form to your library.
   812 | D:1      | Found a faded altar of an unknown god.
  1642 | D:2      | Noticed Terence
  1744 | D:2      | HP: 5/24 [Terence/+0 mace (3)]
  1746 | D:2      | Killed Terence
  1747 | D:2      | Reached skill level 1 in Short Blades
  1747 | D:2      | Reached XP level 4. HP: 6/30 MP: 0/7
  2749 | D:3      | Found Hyhon's Assorted Antiques.
  2921 | D:2      | Reached XP level 5. HP: 35/35 MP: 2/8
  3135 | D:3      | You fall into a shaft and drop 1 floor!
  3135 | D:4      | Noticed pkoi's ghost (amateur DgIE)
  3135 | D:4      | Found a runed translucent door.
  3253 | D:4      | Noticed an ogre
  3347 | D:4      | Reached skill level 5 in Conjurations
  3371 | D:4      | Found a broken altar of Ashenzari.
  3574 | D:4      | Reached skill level 2 in Short Blades
  3758 | D:4      | Reached XP level 6. HP: 41/41 MP: 5/10
  3861 | D:4      | Killed an ogre
  3862 | D:4      | Reached skill level 3 in Spellcasting
  3862 | D:4      | Reached skill level 1 in Hexes
  3944 | D:4      | Noticed a necrophage
  3952 | D:4      | Killed a necrophage
  3953 | D:4      | Reached XP level 7. HP: 43/47 MP: 0/11
  4364 | D:4      | Reached skill level 1 in Fighting
  4364 | D:4      | Reached skill level 3 in Stealth
  4364 | D:4      | Reached skill level 2 in Hexes
  4555 | D:5      | Entered Level 5 of the Dungeon
  4555 | D:5      | Noticed Eustachio
  4584 | D:5      | Noticed Grinder
  4584 | D:5      | Noticed Menkaure
  4585 | D:5      | Paralysed by Grinder for 3 turns
  4815 | D:5      | Noticed a steam dragon
  4821 | D:5      | HP: 7/48 [steam dragon (7)]
  4822 | D:5      | Engulfed by a steam dragon's steam

Vanquished Creatures
  A necrophage (D:4)
  2 ogres (D:4)
  A hound (D:4)
  A jelly (D:4)
  Terence (D:2)
  A hound skeleton (D:4)
  A howler monkey skeleton (D:4)
  2 adders (D:4)
  A worm (D:4)
  2 dart slugs (D:4)
  7 orcs
  8 ball pythons
  9 endoplasms
  5 giant cockroaches
  5 goblins
  4 hobgoblins
  8 jackals
  9 kobolds
  2 quokkas
  4 bats
  3 frilled lizards
  5 rats (D:1)
82 creatures vanquished.

Table legend:
 A = Non-vault XP
 B = Vault XP
 C = Vault XP percentage of total XP
 D = Non-vault monster count
 E = Vault monster count
 F = Vault count percentage of total count
                 A         B        C        D         E       F
            +---------+---------+-------+---------+---------+-------
      Total |     646 |      38 |   5.6 |      81 |       1 |   1.2
            +---------+---------+-------+---------+---------+-------
        D:1 |      45 |       0 |   0.0 |      28 |       0 |   0.0
        D:2 |      26 |      38 |  59.4 |      14 |       1 |   6.7
        D:3 |      38 |       0 |   0.0 |      17 |       0 |   0.0
        D:4 |     537 |       0 |   0.0 |      22 |       0 |   0.0
            +---------+---------+-------+---------+---------+-------

Illustrated notes

Table legend:
 A = Kills in this place as a percentage of kills in entire the game.
 B = Kills by you in this place as a percentage of kills by you in the entire game.
 C = Kills by friends in this place as a percentage of kills by friends in the entire game.
 D = Other kills in this place as a percentage of other kills in the entire game.
 E = Experience gained in this place as a percentage of experience gained in the entire game.
 F = Experience gained in this place divided by the number of levels of this place that you have seen.
                   A       B       C       D       E      F
               +-------+-------+-------+-------+-------+----------------------
         Total | 100.0 | 100.0 |   N/A |   N/A | 100.0 | 136.8
       Dungeon | 100.0 | 100.0 |   N/A |   N/A | 100.0 | 136.8
               +-------+-------+-------+-------+-------+----------------------

Table legend: (Time is in decaauts)
 A = Elapsed time spent in this place.
 B = Non-inter-level travel time spent in this place.
 C = Inter-level travel time spent in this place.
 D = Time resting spent in this place.
 E = Time spent auto-exploring this place.
 F = Levels seen in this place.
 G = Mean time per level.
                   A        B        C        D        E       F      G
               +--------+--------+--------+--------+--------+-----+--------+
         Total |   4825 |   4697 |    128 |    651 |   3375 |   5 |  965.0 |
       Dungeon |   4825 |   4697 |    128 |    651 |   3375 |   5 |  965.0 |
               +--------+--------+--------+--------+--------+-----+--------+

Top non-repeatable levels by time:
     D:4: 1514 daAuts
     D:1: 1458 daAuts
     D:2: 987 daAuts
     D:3: 843 daAuts
     D:5: 21 daAuts
